 Dungeon Crawl Stone Soup version 0.30-a0-1114-gd936c97349 (webtiles) character file.

Game seed: 12727477487739188849

339 Sobieck the Gusty (level 6, -2/41 HPs)
             Began as a Human Air Elementalist on Apr 20, 2023.
             Slain by Blork the orc
             ... wielding a +0 glaive
              (6 damage)
             ... on level 5 of the Dungeon.
             The game lasted 00:11:09 (5299 turns).

Sobieck the Gusty (Human Air Elementalist)          Turns: 5299, Time: 00:11:09

Health: -2/41      AC:  5    Str:  9    XL:     6   Next: 86%
Magic:  4/11       EV: 12    Int: 23    God:
Gold:   153        SH:  0    Dex: 13    Spells: 2/12 levels left

rFire   . . .      SeeInvis +    k - +2 dagger (venom) {short}
rCold   . . .      Faith    .    (no shield)
rNeg    . . .      Spirit   .    a - +1 robe
rPois   .          Reflect  .    E - +1 helmet
rElec   .          Rampage  .    (no cloak)
rCorr   .                        (no gloves)
Will    .....                    (no boots)
Stlth   ++                       (no amulet)
HPRegen 0.26/turn                c - ring of see invisible
MPRegen 0.12/turn                L - +6 ring of intelligence

@: no status effects
A: no striking features
a: no special abilities


You were on level 5 of the Dungeon.
You visited 1 branch of the dungeon, and saw 5 of its levels.

You collected 153 gold pieces.


   Skills:
 - Level 2.0 Dodging
 - Level 2.0 Stealth
 + Level 3.5 Spellcasting
 + Level 3.2 Conjurations
 * Level 5.4 Air Magic


You had 2 spell levels left.
You knew the following spells:

 Your Spells              Type           Power      Damage    Failure   Level
a - Shock                 Conj/Air       96%        1d9       1%          1
b - Static Discharge      Conj/Air       48%        2-4/arc   2%          2
c - Swiftness             Air            29%        N/A       3%          3
d - Airstrike             Air            14%        2d(3-19)  12%         4

Your spell library contained the following spells:

 Spells                   Type           Power      Damage    Failure   Level
 Momentum Strike          Conj/Tloc      22%        3d8       9%          2
 Blink                    Tloc           8%         N/A       17%         2
 Lesser Beckoning         Tloc           8%         N/A       17%         2

Inventory:

Hand Weapons
 f - a +0 dagger {short}
   (You took it off a goblin on level 1 of the Dungeon)
 g - a +0 club {mace}
   (You took it off a goblin on level 1 of the Dungeon)
 j - a +0 club {mace}
   (You took it off a goblin on level 1 of the Dungeon)
 k - a +2 dagger of venom (weapon) {short}
   (You took it off a goblin on level 1 of the Dungeon)
 l - a +0 dagger {short}
   (You took it off a goblin on level 1 of the Dungeon)
 n - a +0 spear {polearm}
   (You found it on level 1 of the Dungeon)
 q - a +0 dagger {short}
   (You took it off a goblin on level 1 of the Dungeon)
 r - a +0 sling
   (You found it on level 1 of the Dungeon)
 t - a +0 broad axe of freezing {axe}
   (You found it on level 2 of the Dungeon)
 w - a +0 dagger {short}
   (You took it off a goblin on level 2 of the Dungeon)
 y - a +0 dagger {short}
   (You took it off a goblin on level 2 of the Dungeon)
 F - a +0 morningstar of pain {mace}
   (You took it off an orc on level 3 of the Dungeon)
 H - a +1 short sword of draining {short}
   (You took it off an orc on level 3 of the Dungeon)
Missiles
 z - 38 stones {throwing}
Armour
 a - a +1 robe (worn)
 h - a +0 leather armour
   (You found it on level 1 of the Dungeon)
 m - a +0 robe
   (You found it on level 1 of the Dungeon)
 p - a +0 ring mail
   (You took it off an orc on level 4 of the Dungeon)
 u - a +0 ring mail
   (You found it on level 2 of the Dungeon)
 A - a +0 ring mail
   (You found it on level 2 of the Dungeon)
 E - a +1 helmet (worn)
   (You found it on level 5 of the Dungeon)
 G - a +0 scale mail
   (You took it off an orc on level 3 of the Dungeon)
 I - a +0 robe
   (You found it on level 5 of the Dungeon)
 J - a +0 scale mail
   (You found it on level 3 of the Dungeon)
 K - a +0 leather armour
   (You found it on level 5 of the Dungeon)
Jewellery
 c - a ring of see invisible (left hand)
   (You found it on level 1 of the Dungeon)
 e - a ring of ice
   (You found it on level 1 of the Dungeon)
 L - a +6 ring of intelligence (right hand)
   (You found it on level 4 of the Dungeon)
Scrolls
 i - 4 scrolls of identify {@r1}
 o - a scroll of enchant armour
 v - 2 scrolls of teleportation {@r4}
Potions
 b - 3 potions of heal wounds {@q2}
 d - a potion of attraction {!q}
 s - a potion of mutation {!q}
 x - a potion of haste {unknown}
 B - a potion of magic
 C - 2 potions of might
 D - 2 potions of lignification {unknown}

Dungeon Overview and Level Annotations

Branches:
Dungeon (5/15) Zot: 24690
 Temple: D:4-7

Altars:
Kikubaaqudgha

Shops:
D:3 (   D:5 :

Annotations:
D:5 Blork the orc, Sigmund

... #.# ....
#.# #.#
...o.##.###.#
........o.#.#
.....#.#.#.#
... #.#.#.# .
#.#.#.#
#.#.#.#
#.#.#@##
..#o...#
######..#
.........#
########.#
#.# #># #.#
#.#


You could see Blork the orc.


Message History

Unknown command.
You can't see any susceptible monsters within range! (Use Z to cast anyway.)
There is an escape hatch in the ceiling here.
Found a stone staircase leading up.
Unknown command.
v - 2 scrolls of teleportation {@r4} (gained 1)
Found a stone staircase leading down.
You now have 153 gold pieces (gained 14).
Unknown command.
There is a stone staircase leading down here.
Found an escape hatch in the floor.
Unknown command.
There is an escape hatch in the floor here.
A howler monkey comes into view.
Danger!
Unknown command.
The helpless howler monkey fails to defend itself.
You puncture the howler monkey!
The howler monkey is poisoned.
The howler monkey hoots and howls with incredible vigour!
You hear a shout!
Unknown command.
Casting: Shock (safe; 1% risk of failure)
Confirm with . or Enter, or press ? or * to list all spells.
Aiming: Shock (safe; 1% risk of failure)
Press: ? - help, Shift-Dir - straight line
Okay, then.
Unknown command.
Casting: Shock (safe; 1% risk of failure)
Confirm with . or Enter, or press ? or * to list all spells.
Aiming: Shock (safe; 1% risk of failure)
Press: ? - help, Shift-Dir - straight line The zap misses the howler monkey.
The zap hits the howler monkey.
You kill the howler monkey!
Unknown command.
You start resting.
Unknown command.
Unknown command.
K - a +0 leather armour Blork the orc comes into view.
He is wielding a +0 glaive.
Danger!
The zap hits Blork the orc.
Unknown command.
Blork the orc gestures at you while chanting.
The puff of flame hits you!
Danger!
You start resting.
Blork the orc is nearby!
Danger!
Unknown command.
Casting: Shock (safe; 1% risk of failure)
Confirm with . or Enter, or press ? or * to list all spells.
Aiming: Shock (safe; 1% risk of failure)
Press: ? - help, Shift-Dir - straight line, f/p - Blork the orc
Aim: Blork the orc, wielding a +0 glaive and wearing a +0 robe (lightly wounded, 77% to hit)
The zap hits Blork the orc!
Blork the orc hits you from afar with a +0 glaive!
Casting: Shock (safe; 1% risk of failure)
Confirm with . or Enter, or press ? or * to list all spells.
Aiming: Shock (safe; 1% risk of failure)
Press: ? - help, Shift-Dir - straight line, f/p - Blork the orc
Aim: Blork the orc, wielding a +0 glaive and wearing a +0 robe (moderately wounded, 77% to hit)
The zap hits Blork the orc.
Blork the orc misses you.
Casting: Shock (safe; 1% risk of failure)
Confirm with . or Enter, or press ? or * to list all spells.
Aiming: Shock (safe; 1% risk of failure)
Press: ? - help, Shift-Dir - straight line, f/p - Blork the orc
Aim: Blork the orc, wielding a +0 glaive and wearing a +0 robe (moderately wounded, 77% to hit)
The zap hits Blork the orc.
Blork the orc points at you and mumbles some strange words.
The magic dart hits you.
Casting: Shock (safe; 1% risk of failure)
Confirm with . or Enter, or press ? or * to list all spells.
Aiming: Shock (safe; 1% risk of failure)
Press: ? - help, Shift-Dir - straight line, f/p - Blork the orc
Aim: Blork the orc, wielding a +0 glaive and wearing a +0 robe (heavily wounded, 77% to hit)
The zap misses Blork the orc.
Blork the orc gestures at you while chanting.
The puff of flame hits you.
* * * LOW HITPOINT WARNING * * *
Casting: Shock (safe; 1% risk of failure)
Confirm with . or Enter, or press ? or * to list all spells.
Aiming: Shock (safe; 1% risk of failure)
Press: ? - help, Shift-Dir - straight line, f/p - Blork the orc
Aim: Blork the orc, wielding a +0 glaive and wearing a +0 robe (heavily wounded, 77% to hit)
The zap hits Blork the orc but does no damage.
Blork the orc hits you from afar with a +0 glaive!
* * * LOW HITPOINT WARNING * * *
Casting: Shock (safe; 1% risk of failure)
Confirm with . or Enter, or press ? or * to list all spells.
Aiming: Shock (safe; 1% risk of failure)
Press: ? - help, Shift-Dir - straight line, f/p - Blork the orc
Aim: Blork the orc, wielding a +0 glaive and wearing a +0 robe (heavily wounded, 77% to hit)
The zap hits Blork the orc!
Blork the orc barely misses you.
Casting: Shock (safe; 1% risk of failure)
Confirm with . or Enter, or press ? or * to list all spells.
Aiming: Shock (safe; 1% risk of failure)
Press: ? - help, Shift-Dir - straight line, f/p - Blork the orc
Aim: Blork the orc, wielding a +0 glaive and wearing a +0 robe (severely wounded, 77% to hit)
The zap hits Blork the orc.
Blork the orc hits you from afar with a +0 glaive.
You die...

Skill      XL: |  1  2  3  4  5 |
---------------+----------------+-----
Conjurations   | 2 3 |  3.2
Air Magic      | 4 5 |  5.4
Spellcasting   | 3 |  3.5
Dodging        | |  2.0
Stealth        | |  2.0

Action                     |  1- 3 |  4- 6 || total
---------------------------+-------+-------++-------
  Melee: Broad axe         |       |     7 ||     7
         Dagger            |       |     5 ||     5
         Punch             |       |     1 ||     1
   Cast: Shock             |    67 |   145 ||   212
         Static Discharge  |     1 |    16 ||    17
    Use: Potion            |       |     3 ||     3
         Scroll            |       |    12 ||    12
   Stab: Sleeping          |       |     1 ||     1
 Armour: Robe              |     2 |    11 ||    13
  Dodge: Dodged            |     4 |    40 ||    44

Levels and vault maps discovered:
D:1:      lightli_iron_boxes, layout_rooms
D:2:      layout_basic, basic_altar, hangedman_abyss_or_decor_stabs
D:3:      layout_basic, serial_shops, nicolae_shop_peninsula,
          ebering_ecumenical_altar_hall
D:4:      nicolae_cairo_tiling_large, layout_loops_cross
D:5:      layout_basic, minmay_temple_entry_statues_fountains,
          nicolae_shop_self_help, uniq_blork_the_orc, uniq_menkaure,
          uniq_sigmund, uniq_grinder

Notes
Turn   | Place    | Note
-------+----------+-------------------------------------------
     0 | D:1      | Sobieck the Human Air Elementalist began the quest for the
                  | Orb.
     0 | D:1      | Reached XP level 1. HP: 13/13 MP: 3/3
   176 | D:1      | Reached XP level 2. HP: 19/19 MP: 3/5
   294 | D:1      | Learned a level 2 spell: Static Discharge
   563 | D:1      | Reached XP level 3. HP: 24/24 MP: 2/6
  1094 | D:1      | Learned a level 3 spell: Swiftness
  1237 | D:2      | Reached XP level 4. HP: 11/30 MP: 0/7
  1461 | D:2      | Reached skill level 2 in Conjurations
  1766 | D:2      | Reached skill level 4 in Air Magic
  2023 | D:2      | You fall into a shaft and drop 1 floor!
  2023 | D:3      | Found Hetix's Antique Weapon Shoppe.
  2521 | D:2      | Found an ancient bone altar of Kikubaaqudgha.
  2784 | D:2      | Reached XP level 5. HP: 35/35 MP: 2/9
  3043 | D:3      | Found a faded altar of an unknown god.
  3371 | D:3      | Reached skill level 3 in Spellcasting
  3851 | D:4      | Learned a level 4 spell: Airstrike
  3923 | D:4      | You pick up a book of Spatial Translocations and begin
                  | reading...
  3923 | D:4      | You add the spells Blink, Momentum Strike and Lesser
                  | Beckoning to your library.
  4362 | D:4      | Noticed a black bear
  4369 | D:4      | Killed a black bear
  4370 | D:4      | Reached skill level 3 in Conjurations
  4370 | D:4      | Reached skill level 5 in Air Magic
  4370 | D:4      | Reached XP level 6. HP: 29/41 MP: 0/10
  4936 | D:5      | Entered Level 5 of the Dungeon
  4956 | D:5      | Found Myhuroafea's Self-Improvement Boutique.
  4992 | D:5      | Noticed Sigmund
  5277 | D:5      | Noticed Blork the orc
  5297 | D:5      | HP: 4/41 [Blork the orc/+0 glaive (14)]
  5299 | D:5      | Slain by Blork the orc

Vanquished Creatures
  A black bear (D:4)
  A howler monkey (D:5)
  An orc priest (D:3)
  An iguana (D:4)
  4 adders
  A white imp (D:5)
  4 worms
  5 dart slugs
  7 orcs
  8 ball pythons
  8 endoplasms
  2 giant cockroaches
  11 goblins
  7 hobgoblins
  4 jackals (D:4)
  4 quokkas
  10 bats
  2 frilled lizards
  3 kobolds
  4 rats
88 creatures vanquished.

Table legend:
 A = Non-vault XP
 B = Vault XP
 C = Vault XP percentage of total XP
 D = Non-vault monster count
 E = Vault monster count
 F = Vault count percentage of total count
                 A         B        C        D         E       F
            +---------+---------+-------+---------+---------+-------
      Total |     485 |       0 |   0.0 |      88 |       0 |   0.0
            +---------+---------+-------+---------+---------+-------
        D:1 |      61 |       0 |   0.0 |      31 |       0 |   0.0
        D:2 |      71 |       0 |   0.0 |      24 |       0 |   0.0
        D:3 |      84 |       0 |   0.0 |      13 |       0 |   0.0
        D:4 |     208 |       0 |   0.0 |      18 |       0 |   0.0
        D:5 |      61 |       0 |   0.0 |       2 |       0 |   0.0
            +---------+---------+-------+---------+---------+-------

Illustrated notes

Table legend:
 A = Kills in this place as a percentage of kills in the entire game.
 B = Kills by you in this place as a percentage of kills by you in the entire game.
 C = Kills by friends in this place as a percentage of kills by friends in the entire game.
 D = Other kills in this place as a percentage of other kills in the entire game.
 E = Experience gained in this place as a percentage of experience gained in the entire game.
 F = Experience gained in this place divided by the number of levels of this place that you have seen.
                   A       B       C       D       E      F
               +-------+-------+-------+-------+-------+----------------------
         Total | 100.0 | 100.0 |   N/A |   N/A | 100.0 |  97.0
       Dungeon | 100.0 | 100.0 |   N/A |   N/A | 100.0 |  97.0
               +-------+-------+-------+-------+-------+----------------------

Table legend: (Time is in decaauts)
 A = Elapsed time spent in this place.
 B = Non-inter-level travel time spent in this place.
 C = Inter-level travel time spent in this place.
 D = Time resting spent in this place.
 E = Time spent auto-exploring this place.
 F = Levels seen in this place.
 G = Mean time per level.
                   A        B        C        D        E       F      G
               +--------+--------+--------+--------+--------+-----+--------+
         Total |   5308 |   5031 |    277 |    924 |   3308 |   5 | 1061.6 |
       Dungeon |   5308 |   5031 |    277 |    924 |   3308 |   5 | 1061.6 |
               +--------+--------+--------+--------+--------+-----+--------+

Top non-repeatable levels by time:
     D:1: 1594 daAuts
     D:2: 1238 daAuts
     D:4: 1107 daAuts
     D:3: 1005 daAuts
     D:5: 362 daAuts
